 Dungeon Crawl Stone Soup version 0.30-a0-122-g2a1322497e (webtiles) character file.

Game seed: 13004429592906434656

33 Dreamer the Sneak (level 3, 0/19 HPs)
             Began as a Vampire Enchanter on Sept 16, 2022.
             Slain by a hobgoblin (3 damage)
             ... on level 1 of the Dungeon.
             The game lasted 00:01:56 (414 turns).

Dreamer the Sneak (Vampire Enchanter)                Turns: 414, Time: 00:01:56

Health: 0/19       AC:  2    Str:  7    XL:     3   Next: 12%
Magic:  4/6        EV: 12    Int: 17    God:
Gold:   26         SH:  0    Dex: 16    Spells: 4/6 levels left

rFire   . . .      SeeInvis +    a - +1 dagger
rCold   + + .      Faith    .    (no shield)
rNeg    + + +      Spirit   .    b - +0 robe
rPois   ∞          Reflect  .    (no helmet)
rElec   .          Harm     .    (no cloak)
rCorr   .          Rampage  .    (no gloves)
Will    .....                    (no boots)
Stlth   +++++.....               (no amulet)
HPRegen 0.00/turn                (no ring)
MPRegen 0.10/turn                (no ring)

@: bloodless, inhibited regen
A: bloodless, fangs 3, see invisible, vampiric 2
a: Bat Form, Revivify


You were on level 1 of the Dungeon.
You visited 1 branch of the dungeon, and saw 1 of its levels.

You collected 26 gold pieces.

Inventory:

Hand Weapons
 a - a +1 dagger (weapon)
Armour
 b - a +0 robe (worn)
Scrolls
 f - a scroll of magic mapping {unknown}
Potions
 c - 2 potions of invisibility
 d - 2 potions of haste {unknown}
 e - a potion of might {unknown}
 g - a potion of resistance {unknown}


   Skills:
 + Level 1.5 Short Blades
 + Level 2.4 Dodging
 * Level 5.2 Stealth
 + Level 2.2 Spellcasting
 * Level 5.1 Hexes


You had 4 spell levels left.
You knew the following spells:

 Your Spells              Type           Power      Damage    Failure   Level
a - Ensorcelled Hibernat  Hex/Ice        20%        N/A       10%         2

Your spell library contained the following spells:

 Spells                   Type           Power      Damage    Failure   Level
 Confusing Touch          Hex            19%        N/A       7%          3
 Tukima's Dance           Hex            19%        N/A       7%          3
 Dazzling Flash           Conj/Hex       20%        N/A       21%         3


Dungeon Overview and Level Annotations

Branches:
Dungeon (1/15)

Altars:


Innate Abilities, Weirdness & Mutations

You do not regenerate when monsters are visible.
You are frail without blood (-20% HP).
You can heal yourself when you bite living creatures.
You are immune to poison.
You have razor-sharp teeth.
You have supernaturally acute eyesight. (SInv)
You are afflicted with vampirism and can become a bat while bloodless.


Message History

An endoplasm and a kobold come into view.
The helpless endoplasm fails to defend itself.
You impale the endoplasm!!
You kill the endoplasm!
A rat comes into view.
The helpless endoplasm fails to defend itself.
You impale the endoplasm!!
You kill the endoplasm!
The kobold shouts!
You hear a shout! x2
The kobold hits you with a +0 whip.
You hit the kobold. Your bite misses the kobold.
The kobold is heavily wounded.
The kobold hits you with a +0 whip.
You hit the kobold but do no damage.
The kobold is heavily wounded.
A goblin comes into view. It is wielding a +0 club.
The kobold hits you with a +0 whip.
You barely miss the kobold.
The kobold is heavily wounded.
The kobold hits you with a +0 whip.
* * * LOW HITPOINT WARNING * * *
You closely miss the kobold.
The kobold is heavily wounded.
A hobgoblin comes into view.
The kobold barely misses you. The kobold attacks as you move away!
The kobold closely misses you.
You are too injured to fight recklessly!
The kobold attacks as you move away! The kobold barely misses you.
Casting: Ensorcelled Hibernation (safe; 10% risk of failure)
Confirm with . or Enter, or press ? or * to list all spells.
Aiming: Ensorcelled Hibernation (safe; 10% risk of failure)
Press: ? - help, Shift-Dir - straight line, f - kobold
Aim: a kobold, wielding a +0 whip (heavily wounded, chance to affect: 62%)
The kobold resists with significant effort.
The kobold misses you. The kobold attacks as you move away!
The kobold barely misses you.
You closely miss the hobgoblin. Your bite misses the hobgoblin.
The hobgoblin closely misses you. The hobgoblin attacks as you move away!
The hobgoblin hits you.
You die...

# #.###### #>.....#
#....#>#
#...###################
#.....................
####.#################
#.@.## ###g.##### #
##.K.......
#.##..r⌠⌠⌠P⌠.⌠
#...g.~......~
###.#.~.####.~ #.#.~.#
~ #### #.#.~.# #...
#.#.~..^


You could see a hobgoblin, a kobold and a rat.

Vanquished Creatures
  A gnoll (D:1)
  A dart slug (D:1)
  2 ball pythons (D:1)
  3 endoplasms (D:1)
  3 giant cockroaches (D:1)
  2 goblins (D:1)
  2 hobgoblins (D:1)
  A quokka (D:1)
  2 kobolds (D:1)
  2 rats (D:1)
19 creatures vanquished.

Notes
Turn   | Place    | Note
-------+----------+-------------------------------------------
     0 | D:1      | Dreamer the Vampire Enchanter began the quest for the Orb.
     0 | D:1      | Reached XP level 1. HP: 13/13 MP: 3/3
   140 | D:1      | Reached XP level 2. HP: 7/19 MP: 5/5
   191 | D:1      | Learned a level 2 spell: Ensorcelled Hibernation
   230 | D:1      | Reached skill level 5 in Stealth
   269 | D:1      | Reached skill level 5 in Hexes
   316 | D:1      | Gained mutation: You are afflicted with vampirism and can
                  | become a bat while bloodless. [Vampire growth]
   316 | D:1      | Reached XP level 3. HP: 17/19 MP: 6/6
   414 | D:1      | Slain by a hobgoblin

Illustrated notes

Levels and vault maps discovered:
D:1:      dpeg_arrival_water_fire, layout_basic,
          shapermc_ecumenical_altar_acropolis

Skill      XL: |  1  2 |
---------------+-------+-----
Stealth        | 5 |  5.2
Hexes          | 5 |  5.1
Short Blades   | |  1.5
Dodging        | |  2.4
Spellcasting   | |  2.2

Action                   || total
-------------------------++-------
Melee: Dagger            ||    55
       Bite              ||     3
       Punch             ||     1
 Cast: Ensorcelled Hiber ||     2
 Abil: Exsanguinate      ||     1
 Stab: Sleeping          ||    10
Armor: Robe              ||     2
Dodge: Dodged            ||    31

Table legend: (Time is in decaauts)
 A = Elapsed time spent in this place.
 B = Non-inter-level travel time spent in this place.
 C = Inter-level travel time spent in this place.
 D = Time resting spent in this place.
 E = Time spent auto-exploring this place.
 F = Levels seen in this place.
 G = Mean time per level.
                   A        B        C        D        E       F      G
               +--------+--------+--------+--------+--------+-----+--------+
         Total |    410 |    410 |      0 |     63 |    171 |   1 |  410.0 |
       Dungeon |    410 |    410 |      0 |     63 |    171 |   1 |  410.0 |
               +--------+--------+--------+--------+--------+-----+--------+

Top non-repeatable levels by time:
     D:1: 410 daAuts
